 Dungeon Crawl Stone Soup version 0.27.0-66-gdc8fb28755 (webtiles) character file.

Game seed: 18243070012944571498

100 robertstho the Cudgeller (level 4, -2/45 HPs)
             Began as a Troll Berserker on Aug 20, 2021.
             Was a Believer of Trog.
             Slain by Grinder (4 damage)
             ... on level 3 of the Dungeon.
             The game lasted 00:02:38 (1674 turns).

robertstho the Cudgeller (Troll Berserker)          Turns: 1674, Time: 00:02:39

Health: -2/45      AC:  5    Str: 25    XL:     4   Next: 47%
Magic:  3/3        EV: 10    Int:  4    God:    Trog [**....]
Gold:   44         SH:  0    Dex:  9    Spells: 3/3 levels left

rFire    + . .     SeeInvis .   a - +0 mace
rCold    . . .     Faith    .   (no shield)
rNeg     . . .     Spirit   .   b - +1 animal skin
rPois    .         Reflect  .   (helmet restricted)
rElec    .         Harm     .   (no cloak)
rCorr    .         Rampage  .   (gloves unavailable)
Will     .....                  (boots unavailable)
Stlth    +.........             (no amulet)
HPRegen  1.15/turn              d - ring of protection from fire
MPRegen  0.08/turn              (no ring)

@: on berserk cooldown, slowed, very slow
A: large, unfitting armour, claws 3, regeneration 1, shaggy fur 1, tough skin 1
a: Renounce Religion, Berserk, Trog's Hand


You were on level 3 of the Dungeon.
You worshipped Trog.
Trog was pleased with you.
You visited 1 branch of the dungeon, and saw 3 of its levels.

You collected 57 gold pieces.
You spent 13 gold pieces at shops.

Inventory:

Hand Weapons
 a - a +0 mace (weapon)
Armour
 b - a +1 animal skin (worn)
Jewellery
 d - a ring of protection from fire (left claw)
Potions
 c - 2 potions of flight {unknown}
 e - a potion of invisibility {unknown}
 f - a potion of heal wounds {unknown}


   Skills:
 * Level 3.1 Fighting
 + Level 3.5 Maces & Flails
 * Level 1.1 Armour
 + Level 2.9 Dodging


You had 3 spell levels left.
You didn't know any spells.
Your spell library was empty.

Dungeon Overview and Level Annotations

Branches:
Dungeon (3/15)

Altars:
Qazlal

Shops:
D:2 !

Annotations:
D:3 Grinder


Innate Abilities, Weirdness & Mutations

You are too large for most types of armour.
You have claws for hands.
Your natural rate of healing is unusually fast.
You are covered in fur. (AC +1)
You have tough skin. (AC +1)


Message History

Grinder is lightly wounded.
The goblin closely misses you.
Grinder blinks!
The hobgoblin hits you but does no damage.
The frilled lizard bites you.
You sock the hobgoblin!
You kill the hobgoblin!
Trog accepts your kill. The frilled lizard bites you.
You miss the frilled lizard. The goblin closely misses you.
You barely miss the goblin.
The frilled lizard bites you but does no damage.
The goblin barely misses you.
Grinder says, "You look like you could use a good racking."
Grinder gestures at you.
You suddenly lose the ability to move!
The frilled lizard bites you. The goblin hits you but does no damage.
The frilled lizard bites you but does no damage.
The goblin hits you but does no damage. Grinder hits you but does no damage.
The frilled lizard bites you. Grinder hits you but does no damage.
The goblin hits you with a +0 club.
The frilled lizard bites you but does no damage.
Grinder hits you!
You writhe in agony.
The goblin hits you but does no damage.
The frilled lizard bites you but does no damage.
The goblin hits you but does no damage. Grinder hits you.
You are no longer berserk.
You feel yourself slow down. The frilled lizard bites you. Grinder hits you!
You writhe in agony.
The goblin hits you but does no damage.
The frilled lizard bites you but does no damage.
The goblin hits you but does no damage. Grinder hits you.
You writhe in agony.
You can move again.
You aren't carrying any scrolls.
You barely miss the goblin. The frilled lizard misses you. Grinder hits you!
* * * LOW HITPOINT WARNING * * *
The goblin closely misses you. The frilled lizard closely misses you.
The goblin hits you with a +0 club.
* * * LOW HITPOINT WARNING * * *
Grinder hits you.
* * * LOW HITPOINT WARNING * * *
You writhe in agony.
You die...

## ... #.# #.# #.#
#.### ##
#######.#g## .
.........#g##.# #.
######g###@#.#>...
#g##.l†5...#
##.#.#.#.###
##.).##... ##g##
.... g:.g. #####
..##g#.# ... ..#.#
## .## #


You could see Grinder, 2 goblins and a frilled lizard.

Vanquished Creatures
  Robin (D:2)
  2 adders (D:2)
  2 worms (D:2)
  A dart slug (D:2)
  6 giant cockroaches
  9 goblins
  7 hobgoblins
  6 jackals (D:1)
  2 kobolds (D:1)
  8 ball pythons
  5 bats (D:1)
  3 frilled lizards
  5 rats
57 creatures vanquished.

Notes
Turn   | Place    | Note
-------+----------+-------------------------------------------
     0 | D:1      | robertstho the Troll Berserker began the quest for the Orb.
     0 | D:1      | Reached XP level 1. HP: 22/22 MP: 0/0
   119 | D:1      | Reached XP level 2. HP: 29/29 MP: 1/1
   457 | D:1      | Reached XP level 3. HP: 36/36 MP: 2/2
   633 | D:1      | Found a faded altar of an unknown god.
   845 | D:2      | Reached ** piety under Trog
   937 | D:2      | Found Tymp's Distillery.
   944 | D:2      | Bought a potion of degeneration for 13 gold pieces
  1074 | D:2      | Found a stormy altar of Qazlal.
  1092 | D:2      | Reached skill level 1 in Armour
  1250 | D:2      | Reached XP level 4. HP: 45/45 MP: 3/3
  1494 | D:3      | Noticed Robin
  1498 | D:3      | Noticed Grinder
  1554 | D:2      | Killed Robin
  1666 | D:3      | Paralysed by Grinder for 7 turns
  1674 | D:3      | HP: 2/45 [Grinder (5)]
  1674 | D:3      | Slain by Grinder

Illustrated notes

Levels and vault maps discovered:
D:1:      amcnicky_arrival_single_pillar, layout_loops_ring,
          dreamdust_ecumenical_altar_hidden_monk_grotto
D:2:      layout_basic, serial_shops, shop, basic_altar
D:3:      layout_loops_cross, gammafunk_ghost_necromancy, uniq_robin,
          uniq_grinder

Skill      XL: |  1  2  3 |
---------------+----------+-----
Maces & Flails | 3 |  3.5
Fighting       | 3 |  3.1
Armour         | 1 |  1.1
Dodging        | |  2.9

Action                   |  1- 3 |  4- 6 || total
-------------------------+-------+-------++-------
Melee: Mace              |   130 |    57 ||   187
Invok: Berserk           |     1 |     2 ||     3
       Trog's Hand       |       |     1 ||     1
  Use: Scroll            |     4 |       ||     4
 Stab: Sleeping          |     2 |       ||     2
Armor: Animal skin       |    59 |    43 ||   102
Dodge: Dodged            |    84 |    51 ||   135
